 Dungeon Crawl Stone Soup version 0.28.0-43-g3370ac3207 (webtiles) character file.

Game seed: 12623422691029737177

41 Ablot the Grasshopper (level 3, -1/31 HPs)
             Began as a Gnoll Warper on Mar 22, 2022.
             Slain by an adder (4 damage)
             ... on level 1 of the Dungeon.
             The game lasted 00:01:23 (1441 turns).

Ablot the Grasshopper (Gnoll Warper)                Turns: 1441, Time: 00:01:23

Health: -1/31      AC:  3    Str: 12    XL:     3   Next: 52%
Magic:  3/9        EV: 12    Int: 12    God:
Gold:   85         SH:  0    Dex: 11    Spells: 10/12 levels left

rFire   . . .      SeeInvis +   a - +0 spear
rCold   . . .      Faith    .   (no shield)
rNeg    . . .      Spirit   .   b - +0 leather armour
rPois   .          Reflect  .   (no helmet)
rElec   .          Harm     .   (no cloak)
rCorr   .          Rampage  .   (no gloves)
Will    .....                   (no boots)
Stlth   +.........              (no amulet)
HPRegen 0.10/turn               j - ring of see invisible
MPRegen 0.11/turn               (no ring)

@: on blink cooldown, flying
A: fangs 1, strong nose, distributed training
a: no special abilities


You were on level 1 of the Dungeon.
You visited 1 branch of the dungeon, and saw 2 of its levels.

You collected 85 gold pieces.

Inventory:

Hand Weapons
 a - a +0 spear (weapon)
Missiles
 d - 5 boomerangs of dispersal (quivered)
 f - 38 stones
 g - 23 arrows
 h - 15 bolts
Armour
 b - a +0 leather armour (worn)
Jewellery
 j - a ring of see invisible (left hand)
Scrolls
 c - a scroll of blinking
 i - 2 scrolls of teleportation {unknown}


   Skills:
 + Level 4.5 Fighting
 + Level 0.8 Short Blades
 + Level 0.8 Long Blades
 + Level 0.8 Axes
 + Level 0.8 Maces & Flails
 + Level 4.5 Polearms
 + Level 0.8 Staves
 + Level 0.8 Slings
 + Level 0.8 Bows
 + Level 0.8 Crossbows
 + Level 2.6 Throwing
 + Level 2.6 Armour
 + Level 4.5 Dodging
 + Level 0.8 Stealth
 + Level 0.8 Shields
 + Level 0.8 Unarmed Combat
 + Level 5.0 Spellcasting
 + Level 0.5 Conjurations
 + Level 0.5 Hexes
 + Level 0.5 Summonings
 + Level 0.5 Necromancy
 + Level 5.4 Translocations
 + Level 0.5 Transmutations
 + Level 0.5 Fire Magic
 + Level 0.5 Ice Magic
 + Level 0.5 Air Magic
 + Level 0.5 Earth Magic
 + Level 0.5 Poison Magic
 + Level 1.0 Invocations
 + Level 0.8 Evocations


You had 10 spell levels left.
You knew the following spells:

 Your Spells              Type           Power      Damage    Failure   Level
a - Blink                 Tloc           32%        N/A       4%          2

Your spell library contained the following spells:

 Spells                   Type           Power      Damage    Failure   Level
 Gell's Gravitas          Tloc           16%        N/A       9%          3
 Lesser Beckoning         Tloc           16%        N/A       9%          3
 Teleport Other           Tloc           16%        N/A       9%          3
 Manifold Assault         Tloc           16%        N/A       58%         5
 Malign Gateway           Summ/Tloc      5%         N/A       100%        7
 Summon Horrible Things   Summ           2%         N/A       100%        8


Dungeon Overview and Level Annotations

Branches:
Dungeon (2/15)

Altars:

Annotations:
D:2 Natasha


Innate Abilities, Weirdness & Mutations

You have very sharp teeth.
Your uncanny sense of smell can sniff out nearby items.
Your experience applies equally to all skills.


Message History

Confirm with . or Enter, or press ? or * to list all spells.
You are still too unstable to blink.
You feel stable enough to blink again.
Casting: Blink (safe; 4% risk of failure)
Confirm with . or Enter, or press ? or * to list all spells.
You blink.
You feel stable enough to blink again.
Reach: a) +0 spear
Press: ? - help, Dir - move target, f - goblin
Aim: a goblin, wielding a +0 club (about 44% to evade your +0 spear)
You reach to attack!
You closely miss the goblin.
Reach: a) +0 spear
Press: ? - help, Dir - move target, f - adder, p - goblin
Aim: an adder (about 54% to evade your +0 spear)
The goblin is in the way.
You hit the goblin.
You kill the goblin!
Unknown command.
Reach: a) +0 spear
Press: ? - help, Dir - move target, f/p - adder
Aim: an adder (about 54% to evade your +0 spear)
You hit the adder but do no damage. Your bite misses the adder.
The adder closely misses you.
Unknown command.
Casting: Blink (safe; 4% risk of failure)
Confirm with . or Enter, or press ? or * to list all spells.
You blink.
You hit the adder but do no damage. Your bite misses the adder.
The adder bites you but does no damage.
You hit the adder. You punch the adder.
The adder is lightly wounded.
The adder bites you but does no damage.
You barely miss the adder. Your bite misses the adder.
The adder is lightly wounded.
The adder bites you but does no damage. The adder bites you.
* * * LOW HITPOINT WARNING * * *
Unknown command.
You closely miss the adder.
The adder is lightly wounded.
The adder bites you.
You die...

#####
#.######..##.###....#.#
#..##..#...#........#.#
###.##.#.#.#.###....#.#
#....#.#.#...# #....#.#
#.###..#.##..#
#....#.### #.#
##.#.##..# #....#....
#.# #......>#
#....#####
#.####.#..##.# #....#
#....#.#@.##.# ######
####.#.##S##.#
#.#.##)##.# #)#.##.##.#
#.#.##.##.#####
#.#.##........#
#.#.#####)###.#
#.#.....#.# #.#
#.#####.#.# #.#


You could see an adder.

Vanquished Creatures
  A dart slug (D:1)
  2 bats (D:1)
  6 endoplasms
  2 giant cockroaches (D:1)
  7 goblins
  3 hobgoblins
  3 kobolds (D:1)
  6 ball pythons
  2 frilled lizards
  3 rats (D:1)
35 creatures vanquished.

Notes
Turn   | Place    | Note
-------+----------+-------------------------------------------
     0 | D:1      | Ablot the Gnoll Warper began the quest for the Orb.
     0 | D:1      | Reached XP level 1. HP: 20/20 MP: 6/6
   144 | D:1      | Reached XP level 2. HP: 24/26 MP: 7/7
   147 | D:1      | Learned a level 2 spell: Blink
   722 | D:1      | Found a faded altar of an unknown god.
   768 | D:1      | Reached XP level 3. HP: 29/31 MP: 9/9
   862 | D:1      | Reached skill level 5 in Spellcasting
  1347 | D:2      | Reached skill level 1 in Invocations
  1416 | D:2      | Noticed Natasha
  1441 | D:1      | Slain by an adder

Illustrated notes

Levels and vault maps discovered:
D:1:      nicolae_arrival_washed_ashore, layout_basic,
          hellmonk_ecumenical_altar_inner_sanctum, minmay_misc_feat_iff,
          minmay_cut_off
D:2:      layout_rooms, nrook_mini_backslash, minmay_pentomino_r2, uniq_natasha

Skill      XL: |  1  2  3 |
---------------+----------+-----
Spellcasting   | 5 |  5.0
Invocations    | 1 |  1.0
Fighting       | |  4.5
Short Blades   | |  0.8
Long Blades    | |  0.8
Axes           | |  0.8
Maces & Flails | |  0.8
Polearms       | |  4.5
Staves         | |  0.8
Slings         | |  0.8
Bows           | |  0.8
Crossbows      | |  0.8
Throwing       | |  2.6
Armour         | |  2.6
Dodging        | |  4.5
Stealth        | |  0.8
Shields        | |  0.8
Unarmed Combat | |  0.8
Conjurations   | |  0.5
Hexes          | |  0.5
Summonings     | |  0.5
Necromancy     | |  0.5
Translocations | |  5.4
Transmutations | |  0.5
Fire Magic     | |  0.5
Ice Magic      | |  0.5
Air Magic      | |  0.5
Earth Magic    | |  0.5
Poison Magic   | |  0.5
Evocations     | |  0.8

Action                   || total
-------------------------++-------
Melee: Spear             ||   117
       Bite              ||     4
       Punch             ||     1
 Cast: Blink             ||     4
  Use: Potion            ||     1
 Stab: Sleeping          ||     2
       Distracted        ||     1
Armor: Leather armour    ||    34
Dodge: Dodged            ||    53
